 Dungeon Crawl Stone Soup version 0.29.0-11-gd7f09526c8 (webtiles) character file.

Game seed: 18094144980161581168

46 Powertoast the Trooper (level 3, -1/24 HPs)
             Began as a Gargoyle Fighter on Sept 2, 2022.
             Slain by a ball python (2 damage)
             ... on level 2 of the Dungeon.
             The game lasted 00:04:03 (864 turns).

Powertoast the Trooper (Gargoyle Fighter)            Turns: 864, Time: 00:04:03

Health: -1/24      AC: 12    Str: 21    XL:     3   Next: 68%
Magic:  4/4        EV:  6    Int:  8    God:
Gold:   47         SH:  4    Dex:  9    Spells: 3/3 levels left

rFire   . . .      SeeInvis .   a - +0 flail
rCold   . . .      Faith    .   c - +0 buckler
rNeg    + . .      Spirit   .   b - +0 scale mail
rPois   ∞          Reflect  .   g - +0 helmet
rElec   +          Harm     .   e - +0 cloak
rCorr   .          Rampage  .   (no gloves)
Will    .....                   (no boots)
Stlth   ..........              (no amulet)
HPRegen 0.08/turn               (no ring)
MPRegen 0.09/turn               (no ring)

@: mighty, constricted
A: sickness immunity, AC +3, negative energy resistance 1, electricity
resistance, torment resistance 1, petrification resistance
a: no special abilities


You were on level 2 of the Dungeon.
You visited 1 branch of the dungeon, and saw 2 of its levels.

You collected 47 gold pieces.

Inventory:

Hand Weapons
 a - a +0 flail (weapon)
Armour
 b - a +0 scale mail (worn)
 c - a +0 buckler (worn)
 e - a +0 cloak (worn)
 g - a +0 helmet (worn)
 k - a +0 pair of boots
Scrolls
 f - 2 scrolls of identify {unknown}
Potions
 d - a potion of might
 h - a potion of lignification {unknown}
 i - 2 potions of curing {unknown}
 j - a potion of cancellation {unknown}


   Skills:
 + Level 3.9 Fighting
 + Level 2.0 Maces & Flails
 + Level 3.4 Armour
 + Level 0.2 Dodging
 - Level 1.0 Stealth
 + Level 3.5 Shields
 + Level 0.9 Spellcasting
 - Level 1.0 Conjurations


You had 3 spell levels left.
You didn't know any spells.
Your spell library contained the following spells:

 Spells                   Type           Power      Damage    Failure   Level
 Magic Dart               Conj           4%         1d3       67%         1
 Searing Ray              Conj           2%         2d4       82%         2
 Fulminant Prism          Conj/Hex       0%         3d6       100%        4


Dungeon Overview and Level Annotations

Branches:
Dungeon (2/15)

Altars:


Innate Abilities, Weirdness & Mutations

You are immune to sickness and miasma.
Your stone body is resilient. (AC +3)
You are immune to poison.
You resist negative energy. (rN+)
You are resistant to electric shocks. (rElec)
You are resistant to unholy torment.
You are immune to petrification.


Message History

The gnoll blinks!
You blink.
The goblin shouts!
You sock the gnoll!
The gnoll is severely wounded.
The gnoll hits you but does no damage. x2
You sock the gnoll!
You kill the gnoll!
The ball python enters a dispersal trap!
The gnoll blinks! x2; You blink.
The ball python blinks!
The goblin barely misses you.
Training target 1.0 for Conjurations reached!
Training target 1.0 for Stealth reached!
Your Stealth skill increases to level 1!
Your Conjurations skill increases to level 1!
You barely miss the goblin.
The gnoll hits you from afar with a +0 halberd.
The goblin hits you but does no damage.
You closely miss the goblin.
The gnoll hits you from afar with a +0 halberd!
* * * LOW HITPOINT WARNING * * *
You block the goblin's attack.
The ball python enters a dispersal trap!
The gnoll blinks!
The goblin blinks!
You blink.
You feel very mighty all of a sudden.
You thump the goblin!
You kill the goblin!
You completely miss the ball python. The ball python closely misses you.
The ball python barely misses you. The gnoll hits you but does no damage.
The ball python bites you but does no damage.
The ball python grabs you. The ball python constricts you.
You barely miss the ball python. You block the ball python's attack.
The ball python constricts you.
The gnoll hits you from afar with a +0 halberd.
* * * LOW HITPOINT WARNING * * *
The ball python bites you but does no damage.
The ball python constricts you.
You hit the ball python.
The ball python is moderately wounded.
The gnoll barely misses you. The ball python bites you.
You die...

# #### #. ..# #.. #.#
#..######## ##.####
#.........#######...#..
###...).@........S.§#....
.........S#.#)#.#.#...#..
###..#####g..###..§......
#... #...## ##.#.###.. #.
#...# ##....... #...##
##.#.####. ###..###g...#
#. ###.#S#.#.# #.
##.##.#.#


You could see a gnoll and a ball python.

Vanquished Creatures
  A gnoll (D:2)
  2 worms (D:2)
  2 dart slugs (D:2)
  3 endoplasms
  3 goblins
  2 hobgoblins (D:1)
  A quokka (D:2)
  3 ball pythons (D:1)
  2 bats (D:1)
  A frilled lizard (D:1)
  4 kobolds (D:1)
  3 rats
27 creatures vanquished.

Notes
Turn   | Place    | Note
-------+----------+-------------------------------------------
     0 | D:1      | Powertoast the Gargoyle Fighter began the quest for the
                  | Orb.
     0 | D:1      | Reached XP level 1. HP: 14/14 MP: 1/1
   345 | D:1      | Reached XP level 2. HP: 19/19 MP: 2/2
   752 | D:2      | Reached XP level 3. HP: 24/24 MP: 4/4
   857 | D:2      | Reached skill level 1 in Stealth
   857 | D:2      | Reached skill level 1 in Conjurations
   863 | D:2      | HP: 1/24 [gnoll/+0 halberd (6)]
   864 | D:2      | Slain by a ball python

Illustrated notes

Levels and vault maps discovered:
D:1:      dpeg_arrival_lava_temple_mockup, layout_rooms
D:2:      layout_loops_ring

Skill      XL: |  1  2  3 |
---------------+----------+-----
Stealth        | 1 |  1.0
Conjurations   | 1 |  1.0
Fighting       | |  3.9
Maces & Flails | |  2.0
Armour         | |  3.4
Dodging        | |  0.2
Shields        | |  3.5
Spellcasting   | |  0.9

Action                   || total
-------------------------++-------
Melee: Flail             ||    70
  Use: Potion            ||     1
Armor: Scale mail        ||    63
Dodge: Dodged            ||    48
Block: Buckler           ||    17
